 Dungeon Crawl Stone Soup version 0.23-a0-636-g0ff6057 (webtiles) character file.

306 TheGoonsmith the Sneak (level 6, -2/28 HPs)
             Began as a Vine Stalker Enchanter on Dec 28, 2018.
             Was an Initiate of Ashenzari.
             Slain by a gnoll
             ... wielding a +0 spear
              (6 damage)
             ... on level 4 of the Dungeon.
             The game lasted 00:06:24 (2614 turns).

TheGoonsmith the Sneak (Vine Stalker Enchanter)     Turns: 2614, Time: 00:06:24

Health: -2/28      AC:  9    Str: 10    XL:     6   Next: 39%
Magic:  0/11       EV: 13    Int: 16    God:    Ashenzari [......]
Gold:   185        SH:  0    Dex: 16    Spells: 5/11 levels left

rFire    . . .     SeeInvis .   a - +2 dagger
rCold    . . .     Gourm    .   (no shield)
rNeg     . . .     Faith    .   b - +0 robe
rPois    .         Spirit   +   (no helmet)
rElec    .         Reflect  .   (no cloak)
rCorr    .         Harm     .   (no gloves)
MR       .....                  t - +0 pair of boots
Stlth    +++.......             (no amulet)
HPRegen  0.49/turn              g - +6 ring of protection (curse)
MPRegen  0.12/turn              (no ring)

@: no status effects
A: fangs 2, regeneration 1, magic shield, antimagic bite, no potion heal 3, rot
immunity
a: Curse Item, Renounce Religion


You were on level 4 of the Dungeon.
You worshipped Ashenzari.
Ashenzari was noncommittal.
You were near starving.

You visited 1 branch of the dungeon, and saw 4 of its levels.

You collected 185 gold pieces.

Inventory:

Hand Weapons
 a - a +2 dagger (weapon)
Missiles
 f - 10 poisoned needles
Armour
 b - a +0 robe (worn)
 t - a +0 pair of boots (worn)
Jewellery
 e - an uncursed amulet of faith
 g - a cursed +6 ring of protection (left hand)
 q - an uncursed amulet of rage
 s - an uncursed amulet of magic regeneration
Scrolls
 c - 3 scrolls of identify
 h - a scroll of fear
 m - 3 scrolls of enchant weapon
Potions
 j - a potion of brilliance {unknown}
 k - 3 potions of agility {unknown}
 l - 4 potions of curing {unknown}
 n - 4 potions of cancellation {unknown}
 o - a potion of flight {unknown}
 p - a potion of degeneration {unknown}
 r - a potion of ambrosia {unknown}
 v - a potion of mutation {unknown}
Comestibles
 d - 8 rations


   Skills:
 * Level 3.7 Short Blades
 - Level 2.0 Dodging
 + Level 5.2 Stealth
 - Level 3.0 Spellcasting
 - Level 4.0 Hexes


You had 5 spell levels left.
You knew the following spells:

 Your Spells              Type           Power        Failure   Level  Hunger
a - Corona                Hex            ###....      3%          1    #......
b - Ensorcelled Hibernat  Hex/Ice        #.....       12%         2    ##.....
c - Confuse               Hex            ###.....     11%         3    ###....

Your spell library contained the following spells:

 Spells                   Type           Power        Failure   Level  Hunger
 Tukima's Dance           Hex            ###.....     11%         3    ###....
 Dazzling Spray           Conj/Hex       #.....       24%         3    ###....


Dungeon Overview and Level Annotations

Branches:
Dungeon (4/15)
 Temple: D:4-7

Altars:
Ashenzari
Cheibriados
Elyvilon


Innate Abilities, Weirdness & Mutations

You have extremely sharp teeth.
Your natural rate of healing is unusually fast.
When hurt, damage is shared between your health and your magic reserves.
Your bite disrupts and absorbs the magic of your enemies.
Potions cannot restore your health.
You are immune to rotting.


Message History

You hit the gnoll.
The gnoll is moderately wounded.
You are near starving!
The gnoll barely misses you.
You hit the gnoll.
The gnoll is moderately wounded.
You hit the gnoll.
The gnoll is heavily wounded.
The gnoll barely misses you.
You hit the gnoll but do no damage.
The gnoll is heavily wounded.
The gnoll hits you with a +0 spear.
* * * LOW HITPOINT WARNING * * *
You hit the gnoll but do no damage. You bite the gnoll, but do no damage.
The gnoll is heavily wounded.
The gnoll hits you with a +0 spear.
You hit the gnoll but do no damage.
The gnoll is heavily wounded.
The gnoll hits you with a +0 spear.
You die...

##########.# #.##.
##########.#####.#
...............#.#
##########.###...# #.#
##..# #.# #..# .
##########.# ##.# ..
...........# #)# ...
################@## ....
................g.# .....
############..$...#......
...... +.............
###### #....(........
#######....... ..#####
..# ..#


You could see a gnoll.

Vanquished Creatures
  A scorpion (D:4)
  A hound (D:3)
  Natasha (thrice) (D:3)
  3 adders
  3 gnolls (D:4)
  2 oozes
  An adder skeleton (D:4)
  3 worms
  4 dart slugs
  An orc (D:3)
  2 giant cockroaches (D:3)
  11 goblins
  5 hobgoblins
  3 jackals (D:3)
  12 kobolds
  A quokka (D:3)
  A ball python (D:3)
  10 bats
  6 frilled lizards
  A leopard gecko skeleton (D:4)
  4 rats
78 creatures vanquished.

Notes
Turn   | Place    | Note
-------+----------+-------------------------------------------
     0 | D:1      | TheGoonsmith the Vine Stalker Enchanter began the quest for
                  | the Orb.
     0 | D:1      | Reached XP level 1. HP: 9/9 MP: 4/4
    26 | D:1      | Reached skill level 1 in Short Blades
   186 | D:1      | Reached XP level 2. HP: 12/13 MP: 6/6
   367 | D:1      | Reached XP level 3. HP: 15/16 MP: 7/7
   691 | D:2      | Learned a level 2 spell: Ensorcelled Hibernation
   695 | D:2      | Learned a level 3 spell: Confuse
   757 | D:2      | Reached skill level 4 in Stealth
   898 | D:2      | Found a snail-covered altar of Cheibriados.
   913 | D:2      | Gained mutation: Your natural rate of healing is unusually
                  | fast. [Vine Stalker growth]
   913 | D:2      | Reached XP level 4. HP: 18/21 MP: 7/9
   990 | D:2      | Found a white marble altar of Elyvilon.
  1460 | D:3      | Found a shattered altar of Ashenzari.
  1488 | D:3      | Became a worshipper of Ashenzari the Shackled
  1565 | D:3      | Reached XP level 5. HP: 24/24 MP: 10/10
  1705 | D:3      | Noticed Natasha
  1707 | D:3      | Killed Natasha
  1724 | D:3      | Noticed Natasha
  1738 | D:3      | Killed Natasha
  1947 | D:3      | Noticed Natasha
  1968 | D:3      | Killed Natasha
  2373 | D:4      | Reached skill level 5 in Stealth
  2373 | D:4      | Reached XP level 6. HP: 28/28 MP: 4/11
  2614 | D:4      | Slain by a gnoll

Vault maps used:
D:1:      lightli_iron_boxes, chequers_serial_rivers_room_a
D:2:      elyvilon_altar_1, overflow_temple_1_default
D:3:      minmay_inner_zag, ashenzari_altar_1, uniq_natasha
D:4:      first_ration

Skill      XL: |  1  2  3  4  5 |
---------------+----------------+-----
Short Blades   | 1 2 3 |  3.7
Stealth        | 4 5 |  5.2
Dodging        | 2 |  2.0
Spellcasting   | 3 |  3.0
Hexes          | 4 |  4.0

Action                   |  1- 3 |  4- 6 || total
-------------------------+-------+-------++-------
Melee: Dagger            |   104 |   162 ||   266
       Bite              |    24 |    29 ||    53
 Cast: Corona            |     1 |     1 ||     2
       Ensorcelled Hiber |     1 |     5 ||     6
       Confuse           |       |     5 ||     5
Invok: Curse Item        |       |     1 ||     1
  Use: Scroll            |       |     7 ||     7
 Stab: Sleeping          |     7 |    14 ||    21
       Distracted        |     1 |       ||     1
       Confused          |       |     2 ||     2
  Eat: Chunk             |       |     5 ||     5
Armor: Robe              |    36 |    43 ||    79
Dodge: Dodged            |    69 |    99 ||   168

Table legend:
 A = Non-vault XP
 B = Vault XP
 C = Vault XP percentage of total XP
 D = Non-vault monster count
 E = Vault monster count
 F = Vault count percentage of total count
                 A         B        C        D         E       F
            +---------+---------+-------+---------+---------+-------
      Total |     391 |      47 |  10.7 |      70 |       8 |  10.3
            +---------+---------+-------+---------+---------+-------
        D:1 |      51 |       0 |   0.0 |      25 |       0 |   0.0
        D:2 |      61 |       0 |   0.0 |      21 |       0 |   0.0
        D:3 |     140 |      47 |  25.1 |      16 |       8 |  33.3
        D:4 |     139 |       0 |   0.0 |       8 |       0 |   0.0
            +---------+---------+-------+---------+---------+-------
